 Dungeon Crawl Stone Soup version bcrawl-1.37.2 (webtiles) character file.

Game seed: 16796790769071454729

290925 Mehrunes the Fighter (level 11, -8/89 HPs)
             Began as a Mummy Fire Elementalist on Nov 6, 2022.
             Was a Believer of Sif Muna.
             Mangled by a harpy skeleton (11 damage)
             ... on level 11 of the Dungeon.
             The game lasted 00:29:26 (15136 turns).

Mehrunes the Fighter (Mummy Fire Elementalist)     Turns: 15136, Time: 00:29:26

Health: -8/89      AC:  9    Str: 12    XL:     11   Next: 79%
Magic:  10/18      EV: 15    Int: 18    God:    Sif Muna [**....]
Gold:   367        SH:  7    Dex: 18    Spells: 4/20 levels left

rFire    x . .     GDR:     29% x - +0 dagger (elec)
rCold    + . .     SeeInvis .   C - +0 buckler
rNeg     + + +     Gourm    .   G - +0 troll leather armour
rPois    ∞         Faith    .   (no helmet)
rElec    .         Spirit   .   p - +1 cloak
rCorr    +         Reflect  .   (no gloves)
MR       +....     Clarity  +   J - +2 pair of boots {run}
Stlth    ++........             (no amulet)
HPRegen  0.64/turn              u - ring of resist corrosion
MPRegen  0.16/turn              r - +6 ring of dexterity

@: quick
A: no food or potions, fire vulnerability, clarity, cold resistance 1, negative
energy resistance 3, torment resistance, unbreathing, strong hexes 1
a: Divine Energy, Renounce Religion


You were on level 11 of the Dungeon.
You worshipped Sif Muna.
Sif Muna was pleased with you.
You were not hungry.

You visited 2 branches of the dungeon, and saw 12 of its levels.
You also visited: Bailey.

You collected 776 gold pieces.
You spent 409 gold pieces at shops.

Inventory:

Hand Weapons
 e - a +0 dagger
 k - a +0 short sword
 v - a +0 whip of flaming
 x - a +0 dagger of electrocution (weapon)
Missiles
 d - 1751 stones (quivered)
 E - 2 throwing nets {=f}
Armour
 p - a +1 cloak (worn)
 q - a +2 pair of boots of flying
 z - the cursed +1 leather armour of the Monk {Str+6 Int-5 Stlth+}
   (You took it off an orc priest on level 5 of the Dungeon)

   It affects your strength (+6).
   It affects your intelligence (-5).
   It makes you more stealthy.
   It has a curse placed upon it.
 C - a +0 buckler (worn)
 G - a +0 troll leather armour (worn)
 J - a +2 pair of boots of running (worn)
Jewellery
 h - an uncursed ring of stealth
 r - a +6 ring of dexterity (right hand)
 u - a ring of resist corrosion (left hand)
 F - a +5 ring of slaying
 H - a +4 amulet of reflection {unknown}
Wands
 c - a wand of flame (64)
 s - a wand of polymorph (4)
 A - a wand of paralysis (10)
 B - a wand of digging (7)
Scrolls
 b - 5 scrolls of remove curse
 f - 4 scrolls of amnesia
 i - a scroll of blinking {unknown}
 l - 3 scrolls of enchant armour
 n - 7 scrolls of enchant weapon
 o - 5 scrolls of teleportation
 t - a scroll of torment
 y - 2 scrolls of fog


   Skills:
 + Level 9.5 Fighting
 - Level 6.2 Dodging
 - Level 2.1 Stealth
 + Level 4.9 Shields
 - Level 5.0 Spellcasting
 + Level 8.0 Conjurations
 + Level 8.4 Fire Magic


You had 4 spell levels left.
You knew the following spells:

 Your Spells              Type           Power        Failure   Level  Hunger
a - Flame Tongue          Conj/Fire      ####.        1%          1    N/A
b - Conjure Flame         Conj/Fire      ####....     3%          3    N/A
c - Sticky Flame          Conj/Fire      ####....     11%         4    N/A
d - Fireball              Conj/Fire      ####......   30%         5    N/A
e - Iskenderun's Mystic   Conj           ####....     3%          3    N/A

Your spell library contained the following spells:

 Spells                   Type           Power        Failure   Level  Hunger
 Magic Dart               Conj           ####         1%          1    N/A
 Searing Ray              Conj           ####....     1%          2    N/A
 Flaming Arrows           Chrm/Fire      ###.....     9%          2    N/A
 Inner Flame              Hex/Fire       N/A          17%         3    N/A
 Slow                     Hex            #.......     32%         1    N/A
 Fulminant Prism          Conj/Hex       ####......   52%         4    N/A
 Confuse                  Hex            #.......     67%         3    N/A
 Irradiate                Conj/Tmut      ###.......   86%         5    N/A
 Invisibility             Hex            #.......     100%        6    N/A

Dungeon Overview and Level Annotations

Branches:
Dungeon (11/12)            Temple (1/1) D:7            Lair (0/6) D:8
    Orc (0/1) D:8
 Vaults: D:11-12

Altars:
Ashenzari
Cheibriados
Dithmenos
Gozag
Hepliaklqana
Kikubaaqudgha
Lugonu
Makhleb
Nemelex Xobeh
Okawaru
Qazlal
Ru
Sif Muna
Trog
Uskayaw
Vehumet
Wu Jian
Xom
Yredelemnul

Shops:
D:5 *(?%   D:9 *   D:10 [(


Innate Abilities, Weirdness & Mutations

You do not eat or drink.
Your flesh is vulnerable to fire.
You are immune to poison.
You possess an exceptional clarity of mind.
Your flesh is cold resistant. (rC+)
You are immune to negative energy. (rN+++)
You are immune to unholy pain and torment.
You can survive without breathing.
Your hexes are more powerful.


Message History

The vault guard hits you with a +2 dire flail!!
* * * LOW HITPOINT WARNING * * *
You block the vault guard's attack. The harpy skeleton barely misses you.
The harpy skeleton closely misses you. The yaktaur closely misses you.
As you read the scroll of fear, it crumbles to dust.
You assume a fearsome visage.
The vault guard looks frightened! x2
The orc wizard looks frightened!
The vault guard easily resists.
The harpy skeleton is unaffected.
The yaktaur looks frightened!
The bullfrog looks frightened!
The howler monkey looks frightened!
You block the harpy skeleton's attack.
The harpy skeleton completely misses you.
The harpy skeleton barely misses you.
The harpy skeleton claws you but does no damage.
The orc wizard casts a spell.
The orc wizard flickers and vanishes!
Deactivating autopickup; reactivate with Ctrl-A.
The vault guard closely misses you.
Okay, then.
The harpy skeleton claws you!
You die...

* *,,** *##+##* ##.# #.#
* *,,** ##...## ##.# #F#
* *,.,**##.....####..#
#p# *
*,...##..Z....##...# #.#
* *,...........[.....#
#.# *
*,#.#.##..####.##.## #.#
*,,...##..####.##.# #.#
***#..*#..{Z..p...####.#
#.####.@p.p.........#
##.##..c........######
#............F..#
#####).##.###########
#......##.# #.####.##.#
#.# #.##.# #.# #<##.#
#####.# #.##.#


You could see 3 vault guards, a yaktaur (fleeing), a bullfrog (fleeing) and 2
harpy skeletons.

Vanquished Creatures
  Snorg (D:10)
  A two-headed ogre (D:10)
  2 centaur warriors
  Pikel (D:5)
  An ugly thing (D:6)
  An eye of draining (D:9)
  7 trolls
  Maurice (D:9)
  A meliai (D:6)
  Grum (D:10)
  3 hippogriffs
  A wraith (D:10)
  A wyvern (D:8)
  A hungry ghost (D:8)
  Menkaure (D:5)
  A crocodile (D:7)
  2 porcupines (D:8)
  An ice beast (D:5)
  5 sky beasts
  2 slaves (D:5)
  3 phantoms
  14 orc warriors
  2 necrophages
  4 ogres
  4 wolves (D:9)
  3 bullfrogs
  2 kobold brigands
  13 centaurs
  7 scorpions
  6 killer bees
  5 wights (D:8)
  A howler monkey (D:11)
  4 orc priests
  7 crimson imps
  A quasit (D:7)
  2 bullfrog zombies
  4 hounds
  2 jellies
  3 bullfrog skeletons
  2 iguanas
  Ijyb (D:5)
  Terence (D:3)
  5 orc wizards
  10 worker ants
  A killer bee zombie (D:3)
  A worker ant zombie (D:5)
  A howler monkey skeleton (D:8)
  12 gnolls
  17 adders
  An ooze (D:6)
  2 adder zombies
  2 adder skeletons
  4 worms
  2 dart slugs
  5 leopard geckos
  62 orcs
  3 ball pythons
  10 bats
  3 giant cockroaches
  10 goblins
  4 hobgoblins
  5 jackals
  4 quokkas
  3 frilled lizards
  2 jackal skeletons
  18 kobolds
  A quokka zombie (D:6)
  A rat (D:3)
  A plant (D:8)
316 creatures vanquished.

Vanquished Creatures (others)
  An orc priest (D:5)
  An adder (D:5)
  18 fungi
  2 plants (D:8)
22 creatures vanquished.

Grand Total: 338 creatures vanquished

Notes
Turn   | Place    | Note
-------+----------+-------------------------------------------
     0 | D:1      | Mehrunes the Mummy Fire Elementalist began the quest for
                  | the Orb.
     0 | D:1      | Reached XP level 1. HP: 13/13 MP: 4/4
   431 | D:1      | Reached skill level 1 in Conjurations
   700 | D:1      | Reached XP level 2. HP: 20/20 MP: 2/5
  1272 | D:2      | Reached skill level 1 in Fighting
  1313 | D:2      | Reached XP level 3. HP: 26/26 MP: 4/7
  1454 | D:2      | Learned a level 3 spell: Conjure Flame
  1573 | D:3      | Noticed Terence
  1949 | D:3      | Reached XP level 4. HP: 3/32 MP: 1/9
  2189 | D:3      | Found a glowing drain.
  2323 | D:3      | Reached XP level 5. HP: 32/38 MP: 4/10
  2372 | D:3      | Learned a level 4 spell: Sticky Flame
  2585 | D:3      | Reached skill level 2 in Fighting
  2651 | D:3      | Killed Terence
  2824 | D:3      | Noticed a sky beast
  2829 | D:3      | Killed a sky beast
  2830 | D:3      | Reached XP level 6. HP: 46/46 MP: 8/12
  2867 | D:3      | Learned a level 5 spell: Fireball
  2974 | D:3      | Found a shattered altar of Ashenzari.
  3465 | D:4      | Noticed a troll
  3538 | D:4      | Noticed a sky beast
  3559 | D:4      | Killed a sky beast
  3653 | D:4      | Reached skill level 3 in Fighting
  3653 | D:4      | Reached XP level 7. HP: 49/52 MP: 9/14
  3941 | D:4      | Killed a troll
  3942 | D:4      | Reached skill level 5 in Spellcasting
  3949 | D:4      | Reached skill level 4 in Fighting
  4368 | D:5      | Entered Level 5 of the Dungeon
  4368 | D:5      | Noticed Menkaure
  4369 | D:5      | Noticed Pikel
  4394 | D:5      | Found Kostrat's Antique Weapon Boutique.
  4406 | D:5      | Reached XP level 8. HP: 51/60 MP: 9/15
  4549 | D:5      | Noticed Ijyb
  4562 | D:5      | Killed Ijyb
  4726 | D:5      | Killed Menkaure
  4924 | D:5      | Found Titseur's Assorted Antiques.
  4998 | D:5      | Killed Pikel
  4999 | D:5      | Reached skill level 5 in Fighting
  4999 | D:5      | Reached skill level 5 in Fire Magic
  5059 | D:5      | Found Fecaxzuz's Magic Scroll Emporium.
  5265 | D:5      | Reached XP level 9. HP: 66/68 MP: 7/16
  5500 | D:5      | Identified the cursed +1 leather armour of the Monk {Str+6
                  | Int-5 Stlth+}
  5523 | D:5      | Found Cothegol's Food Boutique.
  6136 | D:6      | Reached skill level 5 in Dodging
  6388 | D:6      | Noticed a meliai
  6395 | D:6      | Reached skill level 6 in Fighting
  6400 | D:6      | Reached skill level 5 in Conjurations
  6422 | D:6      | Noticed a cyan ugly thing
  6428 | D:6      | Killed a cyan ugly thing
  6499 | D:6      | Killed a meliai
  7775 | D:7      | Noticed a centaur warrior
  7779 | D:7      | Killed a centaur warrior
  7917 | D:7      | Reached skill level 7 in Fighting
  7917 | D:7      | Reached XP level 10. HP: 71/79 MP: 12/17
  8022 | D:7      | Found a shadowy altar of Dithmenos.
  8503 | D:7      | Found a staircase to the Ecumenical Temple.
  8590 | Temple   | Entered the Ecumenical Temple
  8851 | D:7      | Reached skill level 1 in Shields
  9793 | D:8      | Reached skill level 8 in Fighting
  9939 | D:8      | Found a staircase to the Lair.
 10135 | D:8      | Found a staircase to the Orcish Mines.
 10148 | D:8      | Learned a level 3 spell: Iskenderun's Mystic Blast
 10784 | D:9      | Reached XP level 11. HP: 82/87 MP: 13/18
 10860 | D:9      | Found a shimmering blue altar of Sif Muna.
 10871 | D:9      | Became a worshipper of Sif Muna the Loreminder
 10958 | D:9      | Noticed Maurice
 10974 | D:9      | Killed Maurice
 11757 | D:9      | Found Suedukha's Elemental Accessories.
 11775 | D:10     | Entered Level 10 of the Dungeon
 11775 | D:10     | Noticed Grum
 11889 | D:10     | Killed Grum
 11889 | D:10     | Reached * piety under Sif Muna
 11959 | D:10     | Noticed Snorg
 11966 | D:10     | Killed Snorg
 11967 | D:10     | Identified Sif Muna's Collected Works on Malediction (Sif
                  | Muna gifted it to you on level 10 of the Dungeon)
 11967 | D:10     | Received a gift from Sif Muna
 12081 | D:10     | Noticed a two-headed ogre
 12093 | D:10     | Killed a two-headed ogre
 12094 | D:10     | Reached skill level 9 in Fighting
 12137 | D:10     | Found Hulaoss's Antique Weapon Shop.
 12921 | D:10     | Found Foett's Armour Boutique.
 12936 | D:10     | Bought a +0 pair of boots of running for 409 gold pieces
 13349 | D:11     | Noticed a centaur warrior
 13556 | D:11     | Killed a centaur warrior
 13679 | D:11     | Found a flagged portal.
 13704 | Bailey   | Entered a bailey
 13734 | Bailey   | Reached ** piety under Sif Muna
 15077 | D:11     | Noticed a vault guard
 15124 | D:11     | Noticed a vault guard
 15127 | D:11     | Noticed a vault guard
 15134 | D:11     | HP: 2/89 [vault guard/+2 dire flail (21)]
 15136 | D:11     | Mangled by a harpy skeleton

Skill      XL: |  1  2  3  4  5  6  7  8  9 10 11 |
---------------+----------------------------------+-----
Conjurations   | 1 2 3 4 5 7 8 |  8.0
Spellcasting   | 3 4 5 |  5.0
Fighting       | 1 2 3 4 5 7 8 9 |  9.5
Dodging        | 2 3 4 5 6 |  6.2
Fire Magic     | 3 4 5 6 7 8 |  8.4
Shields        | 3 4 |  4.9
Stealth        | |  2.1

Action                   |  1- 3 |  4- 6 |  7- 9 | 10-12 || total
-------------------------+-------+-------+-------+-------++-------
Melee: Unarmed           |     2 |       |       |       ||     2
       Short sword       |       |    24 |    22 |       ||    46
       Whip              |       |       |    14 |       ||    14
       Dagger            |       |       |    40 |   239 ||   279
Throw: Tomahawk          |       |       |    46 |       ||    46
       Stone             |       |       |    29 |       ||    29
 Cast: Flame Tongue      |    59 |   106 |   180 |   186 ||   531
       Conjure Flame     |       |     1 |     2 |     3 ||     6
       Sticky Flame      |       |     3 |    19 |    91 ||   113
       Fireball          |       |       |       |    18 ||    18
Invok: Divine Energy     |       |       |       |     6 ||     6
Evoke: Wand              |     1 |       |     5 |     7 ||    13
  Use: Scroll            |     3 |       |       |    11 ||    14
 Stab: Sleeping          |       |       |     3 |     5 ||     8
       Paralysed         |       |       |       |     9 ||     9
Armor: Robe              |     4 |    24 |    67 |    56 ||   151
       Troll leather arm |       |       |       |    53 ||    53
Dodge: Dodged            |    19 |    52 |   210 |   316 ||   597
Block: Buckler           |       |       |       |   138 ||   138
